 Dungeon Crawl Stone Soup version 0.25.1-1-g288607f5aa (webtiles) character file.

Game seed: 15320150722041807465

94 H0rd4k the Insei (level 4, -3/28 HPs)
             Began as an Octopode Transmuter on July 22, 2020.
             Slain by an orc (5 damage)
             ... on level 2 of the Dungeon.
             The game lasted 00:01:58 (2727 turns).

H0rd4k the Insei (Octopode Transmuter)              Turns: 2727, Time: 00:01:59

Health: -3/28      AC:  1    Str:  9    XL:     4   Next: 63%
Magic:  6/7        EV: 13    Int: 16    God:
Gold:   169        SH:  0    Dex: 12    Spells: 2/8 levels left

rFire    . . .     SeeInvis .     - Unarmed
rCold    . . .     Gourm    .   (no shield)
rNeg     . . .     Faith    .   (helmet restricted)
rPois    .         Spirit   .   (no amulet)
rElec    .         Reflect  .   (no ring)
rCorr    .         Harm     .   (no ring)
MR       .....                  (no ring)
Stlth    +++.......             (no ring)
HPRegen  0.09/turn              (no ring)
MPRegen  0.10/turn              (no ring)
                                (no ring)
                                (no ring)

@: appendage
A: almost no armour, stealthy swim, amphibious, 8 rings, constrict 8, tentacle
spike 3, camouflage 1, gelatinous body 1
a: End Transformation


You were on level 2 of the Dungeon.
You were not hungry.
One of your tentacles had a temporary spike.
You visited 1 branch of the dungeon, and saw 3 of its levels.

You collected 169 gold pieces.

Inventory:

Missiles
 a - 24 arrows
 n - 3 poisoned darts (quivered)
Jewellery
 f - an uncursed ring of magical power
Wands
 o - a wand of random effects (10)
Scrolls
 b - 4 scrolls of remove curse {unknown}
 d - a scroll of noise {unknown}
 g - a scroll of fear {unknown}
 h - a scroll of immolation {unknown}
 i - 2 scrolls of identify {unknown}
 k - 3 scrolls of teleportation {unknown}
 l - a scroll of fog {unknown}
Potions
 e - a potion of stabbing {unknown}
 j - a potion of lignification {unknown}
 m - a potion of might {unknown}
Comestibles
 c - 2 rations
 p - a chunk of flesh


   Skills:
 + Level 1.1 Fighting
 + Level 2.3 Dodging
 + Level 2.3 Stealth
 + Level 4.0 Unarmed Combat
 * Level 2.5 Spellcasting
 * Level 2.3 Transmutations


You had 2 spell levels left.
You knew the following spells:

 Your Spells              Type           Power        Failure   Level  Hunger
a - Beastly Appendage     Tmut           #.....       8%          1    #......
b - Sticks to Snakes      Tmut           #.......     11%         2    ##.....
c - Spider Form           Tmut/Pois      #.........   34%         3    ###....

Your spell library contained the following spells:

 Spells                   Type           Power        Failure   Level  Hunger
 Ice Form                 Ice/Tmut       #.......     75%         4    #####..
 Blade Hands              Tmut           #.........   90%         5    ######.


Dungeon Overview and Level Annotations

Branches:
Dungeon (3/15)

Altars:
Elyvilon
Nemelex Xobeh
Ru
Xom
Zin


Innate Abilities, Weirdness & Mutations

You cannot wear most types of armour.
You are very stealthy in the water. (Stealth+)
You are amphibious.
You can wear up to eight rings at the same time.
You can use your tentacles to constrict eight enemies at once.
Your skin changes colour to match your surroundings (Stealth+).
Your rubbery body absorbs attacks. (AC +1, EV +1)
One of your tentacles bears a large vicious spike.


Message History

* * * LOW HITPOINT WARNING * * *
You release your grip on the orc.
You can't go up here!
There is a stone staircase leading up here.
The orc closely misses you.
You climb upwards.
There is a stone staircase leading down here.
Casting: Beastly Appendage (safe; 8% risk of failure)
Confirm with . or Enter, or press ? or * to list all spells.
One of your tentacles grows a vicious spike.
The orc hits you.
* * * LOW HITPOINT WARNING * * *
You barely miss the orc. Your grab misses the orc.
You pierce the orc.
The orc is heavily wounded.
The orc closely misses you.
You tentacle-slap the orc but do no damage.
Your grab misses the orc.
Your tentacle spike misses the orc.
The orc is heavily wounded.
The orc hits you.
You die...

####......####..#####
#.....#...#.........#
#.#####...#.##......#
#.# #.).....##......#
#.###.#.<...........#
#.....#.............#
#.#.####.####.......###
#.#..)........#.......#
#....o@.#.....#.###.#.#
###########.....##....#
#####.+#######+.#
#.....#...#...#.#
#.....#...#...#..
#.....#.......#..
#.....###._.###..
#.....#.......#..
#.....#...#.)รท#..


You could see an orc.

Vanquished Creatures
  An orc wizard (D:2)
  An adder (D:2)
  An adder skeleton (D:2)
  A worm (D:2)
  3 leopard geckos
  An orc (D:3)
  3 ball pythons (D:2)
  6 bats
  A giant cockroach (D:2)
  4 goblins
  8 hobgoblins
  4 kobolds
  3 frilled lizards
  8 rats
45 creatures vanquished.

Notes
Turn   | Place    | Note
-------+----------+-------------------------------------------
     0 | D:1      | H0rd4k the Octopode Transmuter began the quest for the Orb.
     0 | D:1      | Reached XP level 1. HP: 13/13 MP: 3/3
   469 | D:1      | Reached XP level 2. HP: 12/18 MP: 5/5
   982 | D:2      | Reached skill level 1 in Stealth
  1045 | D:2      | Reached XP level 3. HP: 10/23 MP: 4/6
  1314 | D:2      | Found a glowing silver altar of Zin.
  1324 | D:2      | Learned a level 2 spell: Sticks to Snakes
  1328 | D:2      | Learned a level 3 spell: Spider Form
  1676 | D:2      | Found a white marble altar of Elyvilon.
  2030 | D:2      | Found a sparkling altar of Nemelex Xobeh.
  2043 | D:2      | Found a sacrificial altar of Ru.
  2049 | D:2      | Reached XP level 4. HP: 26/28 MP: 7/7
  2146 | D:2      | Reached skill level 4 in Unarmed Combat
  2378 | D:3      | Found a shimmering altar of Xom.
  2727 | D:2      | Slain by an orc

Illustrated notes

Levels and vault maps discovered:
D:1:      saegor_arrival_simple_e, layout_basic
D:2:      layout_basic, nicolae_ru_great_annihilating_truth, elyvilon_altar_5,
          nicolae_overflow_crystal_walls, nicolae_overflow_hidden_temple
D:3:      layout_basic, xom_butterflies, first_ration

Skill      XL: |  1  2  3  4 |
---------------+-------------+-----
Stealth        | 1 2 |  2.3
Unarmed Combat | 4 |  4.0
Fighting       | |  1.1
Dodging        | |  2.3
Spellcasting   | |  2.5
Transmutations | |  2.3

Action                   |  1- 3 |  4- 6 || total
-------------------------+-------+-------++-------
Melee: Unarmed           |    79 |    35 ||   114
       Constrict         |    20 |    13 ||    33
       Tentacles         |     7 |     4 ||    11
       Punch             |     4 |     1 ||     5
       Kick              |     2 |     4 ||     6
 Cast: Beastly Appendage |     3 |     4 ||     7
 Stab: Sleeping          |     6 |     1 ||     7
       Paralysed         |       |     1 ||     1
  Eat: Chunk             |     3 |     3 ||     6
Armor: Skin              |    10 |     6 ||    16
Dodge: Dodged            |    55 |    30 ||    85
